 BcadrenCrawl: Boulder Brew version 0.05.4-70-gb0a8e951fc (webtiles) character file.

Game seed: 459122714218525305, levelgen mode: deterministic

65 petercordia the Ducker (level 3, -1/29 HPs) Minotaur Demonspawn. Began on June 14, 2022. Slain by an adder (5 damage) ... on level 1 of the Dungeon. The game lasted 00:01:44 (797 turns).

petercordia the Ducker (Minotaur Demonspawn)         Turns: 797, Time: 00:01:45

Health: -1/29      AC:  3    Str: 19    XL:     3 ^: 4
Magic:  4/4        EV: 13    Int:  9    God:
Gold:   59         SH:  0    Dex:  9    Spells: 3/4 levels left

rFire    . . .     Slash    x   a - +0 war axe
rCold    . . .     Pierce   .   (no weapon)
rNeg     . . .     Bludgeon .   b - +0 leather armour
rCorr    . . .     Vision   .   (helmet restricted)
rPois    .         Gourm    .   (no cloak)
rElec    .         Faith    .   (no gloves)
MR       .....     Spirit   .   (no boots)
HPRegen  0.19/turn Reflect  .   (no amulet)
MPRegen  0.14/turn Harm     .   (no ring)
Stlth    +.........             (no ring)

@: lethally poisoned (-1 -> -2)
A: horns, retaliatory headbutt 2, foul stench 1, rot immunity, soft flesh
a: no special abilities


You were on level 1 of the Dungeon.
You were not hungry.

You visited 1 branch of the dungeon, and saw 2 of its levels.

You collected 59 gold pieces.

Inventory:

Weapons
 a - a +0 war axe (weapon)
Armour
 b - a +0 leather armour (worn)
Jewellery
 g - a cursed ring of fire {(Curse: MR-)}
 i - an uncursed ring of protection
 n - a cursed ring of positive energy {(Curse: rF-)}
Scrolls
 f - a scroll of teleportation
 h - a scroll of silence
 j - a scroll of magic mapping
 m - a scroll of bless item
 o - a scroll of torment
Potions
 e - a potion of cure mutation
 k - a potion of might
 l - a potion of amnesia
Comestibles
 c - 5 chunks of flesh
 d - 3 rations


   Skills:
 + Level 1.7 Fighting
 + Level 3.6 Axes & Hammers
 + Level 1.1 Armour
 + Level 4.0 Dodging
 - Level 1.5 Stealth
 - Level 1.0 Spellcasting
 - Level 1.3 Fire Magic
   Level 2.6 Invocations


You had 3 spell levels left.
You knew the following spells:

 Your Spells              Type           Power        Failure   Level  Hunger
a - Flame Tongue          Fire           2 (30)       22%         1    31-51

Your spell library contained the following spells:

 Spells                   Type           Power        Failure   Level  Hunger
 Slow Hex 0 (100) 36% 1 31-51 Blink Tloc N/A 52% 2 71-111 Call Imp Summ 0 (100) 52% 2 71-111 Conjure Flame Fire 2 (100) 56% 3 111-171 Mephitic Cloud Pois/Air       0 (100)      75%         3    111-171


Dungeon Overview and Level Annotations

Branches:
Dungeon (2/8)

Altars:

Annotations:
D:2 Natasha


Innate Abilities, Weirdness & Mutations

You reflexively attack those that strike you in melee with your horns.
You may emit foul miasma when damaged in melee.
You are immune to rotting.
Your soft flesh is weak to deep cuts.
Heavy manmade armour will nullify this weakness. (rSlashing-)


Message History

The adder poisons you (5). The kobold hits you but does no damage.
The big kobold splashes around in the water.
Unknown command.
You are too injured to fight recklessly!
Unknown command.
Unknown command.
You barely miss the big kobold. You hit the adder (2).
It is lacerated severely!
The adder is heavily wounded. (5/10) HP You hit the kobold (3).
She is lacerated severely!
You kill the kobold!
You hit the big kobold but do no damage.
You headbutt the big kobold (9)!
The big kobold is severely wounded. (10/26) HP You feel sick. (1)
The adder bites you (2).
* * * LOW HITPOINT WARNING * * *
The big kobold splashes around in the water.
The adder bites you (5).
You die...

#.÷....# #....###
#......# #.......
#####......## ###...?.
#..........≈# #.....
#.##≈≈≈≈≈##.# #.....
#.##≈≈≈≈≈##.# #.....
#.≈≈≈....≈≈.### #.....
#.≈≈.≈...≈≈...####.....
#.≈≈..@≈.≈≈...'........
#.≈≈.)KS.≈≈...#####....
#.≈≈.....≈≈...# #....
#≈##≈≈.≈≈##...# #....
#.##≈≈.≈≈##.### ##..#
#.........≈.# ##.#
######.#.##.#########).
#.........))......
#...#...)#####.##.


You could see a big kobold and a submerged adder.

Vanquished Creatures
  A giant cockroach (D:1)
  2 worms (D:1)
  An ooze (D:1)
  A leopard gecko (D:1)
  3 ball pythons (D:1)
  5 goblins (D:1)
  3 hobgoblins (D:1)
  6 kobolds
  5 bats (D:1)
  4 rats (D:1)
31 creatures vanquished.

Vanquished Creatures (others)
  2 withered plants (D:2)
2 creatures vanquished.

Grand Total: 33 creatures vanquished

Notes
Turn   | Place    | Note
-------+----------+-------------------------------------------
     0 | D:1      | petercordia the Minotaur Demonspawn began the quest for the
                  | Orb.
     0 | D:1      | Reached XP level 1. HP: 16/16 MP: 1/1
   246 | D:1      | Gained mutation: You are immune to rotting. [demonic
                  | ancestry]
   246 | D:1      | Reached XP level 2. HP: 23/23 MP: 3/3
   342 | D:1      | Gained mutation: You may emit foul miasma when damaged in
                  | melee. [demonic ancestry]
   342 | D:1      | Reached XP level 3. HP: 7/28 MP: 4/4
   529 | D:1      | Reached skill level 1 in Armour
   534 | D:1      | Reached skill level 4 in Dodging
   790 | D:2      | Noticed Natasha
   790 | D:2      | Noticed a big kobold
   797 | D:1      | Slain by an adder

Levels and vault maps discovered:
D:1:      dpeg_arrival_radiant, layout_basic, minmay_misc_feat_columns,
          cheibrodos_sewer_entry_sluice
D:2:      layout_sewer, nicolae_overflow_crystal_walls, sewer_co_tree,
          chequers_serial_rivers_marsh, uniq_purgy, uniq_natasha

Skill      XL: |  1  2  3 |
---------------+----------+-----
Axes & Hammers | 3 |  3.6
Armour         | 1 |  1.1
Dodging        | 4 |  4.0
Fighting       | |  1.7
Stealth        | |  1.5
Spellcasting   | |  1.0
Fire Magic     | |  1.3
Invocations    | |  2.6

Action                   || total
-------------------------++-------
Melee: War axe           ||    39
       Unarmed           ||    24
       Headbutt          ||    10
Armor: Leather armour    ||    19
Dodge: Dodged            ||    22
